Description

This is a clean build order version of uThermals Terran School #16 TvP Allin tutorial.

SCV production steps are included, since it is crucial to stop SCV production before building barracks. Be sure to move workers from and back to gas at the correct timings.

When moving out with 3 tanks, 2 banshees and marines at around 5:00, be sure to bring along 4 workers (and set them to auto-repair).

If you saturate your main with exactly 16 workers on minerals you should have 4 workers at the natural that you can bring along.

VOD

https://www.youtube.com/watch?v=POWKm3BrRuY

Replay - 2020.08.19 TvP Astrea vs uThermal

Build Order

Get SALT Encoding   

  12  0:01  SCV  
  13  0:13  SCV  
  14  0:17  Supply Depot  
  14  0:25  SCV  
  15  0:28  Refinery  
  15  0:39  SCV  
  16  0:44  Barracks  
  16  0:51  SCV  
  16  0:54  Refinery  
  17  1:03  SCV  
  18  1:15  SCV  
  19  1:33  Reaper, Orbital Command  Pull 3 workers from gas (2 and 1) as soon as you can afford factory.
  19  1:37  Factory  Pull 3 workers from gas (2 and 1) as soon as you can afford factory.
  20  1:48  Supply Depot  
  20  1:58  SCV  
  21  2:05  Reaper  
  22  2:10  SCV  
  23  2:20  Hellion  
  26  2:22  SCV  
  26  2:29  Command Center  Workers back to gas (3 and 3)
  26  2:34  SCV  
  27  2:38  Reaper  
  27  2:42  Hellion  
  30  2:45  Supply Depot  
  30  2:49  SCV  
  30  2:56  Starport  Stop SCV production until barracks are built.
  30  3:01  SCV  Stop SCV production until barracks are built.
  30  3:04  Factory Tech Lab  
  31  3:12  Barracks Reactor  
  31  3:23  Siege Tank  
  34  3:30  Barracks x2  
  34  3:33  Starport Tech Lab  
  34  3:41  SCV  
  34  3:48  Orbital Command  
  33  3:49  Marine x2  
  33  3:55  Siege Tank  
  37  4:04  Banshee  
  37  4:07  Marine x2  
  42  4:17  Supply Depot  
  42  4:18  Marine x2  
  44  4:25  Marine x2  
  44  4:29  Siege Tank  
  49  4:36  Marine x2, Supply Depot  
  51  4:41  SCV  
  51  4:45  Marine x2  
  54  4:49  Banshee  
  57  4:56  Marine x2  
  57  4:57  Supply Depot  
  59  5:04  Marine x2  Move out once 3rd tank and 2nd banshee pop out.
  61  5:09  Siege Tank  Bring 4 workers to the attack
  61  5:14  Marine x2  
  64  5:17  Supply Depot  
  66  5:22  Marine x2  
  68  5:31  Marine  
  68  5:33  Banshee  
  72  5:41  Marine x2  
  67  5:55  Marine x2  
  64  6:01  Marine x2  
  58  6:06  Siege Tank  
  57  6:13  Marine x2  
  57  6:18  Banshee  
  62  6:22  Marine x2  
  63  6:31  Marine x2  
  62  6:40  Marine x2  
  62  6:44  Siege Tank  
  67  6:49  Marine x2  
  68  6:58  Marine x2  
Spawning Tool Build Advisor. Get it on Overwolf

Analysis

Cutting workers and staying on two bases obviously means you need to hit hard and do game-winning damage with your first push. Timings to move workers from and to gas and stopping worker production are given in the build order step comments.

Two obvious weaknesses to this build are (proxy) oracles and DTs. Scout around your base and try to scout possible DT tech in their main.

Go to:

Details

  • Created by: IMP
  • Published on: Sep 06, 2020
  • Modified on: Sep 10, 2020
  • Patch: 4.11.0
  • Difficulty: Medium
Show
View Real Time Build Order
Export as new Build Order

Comments (0)

There are no comments. Be the first!

Create an account to comment!